 Dungeon Crawl Stone Soup version 0.23.2-40-g277498a001 (webtiles) character file.

Game seed: 9369453640749843065

14304 sankara the Unseen (level 12, -9/68 HPs)
             Began as a Kobold Berserker on Jan 11, 2020.
             Was a High Priest of Trog.
             Mangled by a five-headed hydra (11 damage)
             ... on level 1 of the Lair of Beasts.
             The game lasted 00:54:50 (12802 turns).

sankara the Unseen (Kobold Berserker)              Turns: 12802, Time: 00:54:51

Health: -9/68      AC:  7    Str: 12    XL:     12   Next: 43%
Magic:  0/18       EV: 20    Int:  9    God:    Trog [*****.]
Gold:   199        SH:  0    Dex: 21    Spells: 11/11 levels left

rFire    + . .     SeeInvis .   a - +3 dagger (venom)
rCold    + . .     Gourm    .   (shield restricted)
rNeg     . . .     Faith    .   Z - +0 leather armour {MR+}
rPois    .         Spirit   +   w - +0 hat {MR+}
rElec    .         Reflect  .   k - +1 cloak {+Inv}
rCorr    .         Harm     .   n - +0 pair of gloves
MR       +++..                  (no boots)
Stlth    ++++++....             Y - amulet of guardian spirit {Spirit}
HPRegen  0.21/turn              u - ring of protection from fire {rF+, !d}
MPRegen  0.16/turn              f - ring of Beauty {+Inv rC+ MR+ Str-3 Dex+3} (curse)

@: very slightly contaminated, studying Armour, heavily drained, invisible
A: small, carnivore
a: Berserk, Trog's Hand, Brothers in Arms, Renounce Religion


You were on level 1 of the Lair of Beasts.
You worshipped Trog.
Trog was extremely pleased with you.
You were very full.

You visited 3 branches of the dungeon, and saw 14 of its levels.
You also visited: Ossuary.

You collected 746 gold pieces.
You spent 547 gold pieces at shops.

Inventory:

Hand Weapons
 a - a +3 dagger of venom (weapon)
   (You took it off an orc on level 10 of the Dungeon)
 b - a +0 hand crossbow
   (You took it off an orc on level 3 of the Dungeon)
 c - a +2 dagger of draining
   (You found it on level 3 of the Dungeon)
 h - a +1 short sword of flaming
   (You found it on level 1 of the Dungeon)
 l - a +0 hunting sling
   (You took it off a goblin on level 2 of the Dungeon)
Missiles
 B - 67 bolts
 G - 2 throwing nets {=f, !d}
 W - 5 tomahawks (quivered)
Armour
 k - a +1 cloak of invisibility (worn)
   (You bought it in a shop on level 11 of the Dungeon)
 n - a +0 pair of gloves (worn)
   (You found it on level 2 of the Dungeon)
 w - a +0 hat of magic resistance (worn)
   (You took it off Gastronok on level 9 of the Dungeon)
 J - a +1 leather armour of fire resistance
   (You found it on level 5 of the Dungeon)
 S - a +4 chain mail of fire resistance
   (You took it off Urug on level 10 of the Dungeon)
 Z - a +0 leather armour of magic resistance (worn)
   (You took it off Joseph on level 9 of the Dungeon)
Jewellery
 f - the cursed ring of Beauty (right hand) {+Inv rC+ MR+ Str-3 Dex+3}
   (You bought it in a shop on level 10 of the Dungeon)

   [ring of strength]

   It affects your strength (-3).
   It affects your dexterity (+3).
   It protects you from cold.
   It affects your resistance to hostile enchantments.
   It lets you turn invisible.
   It has a curse placed upon it.
 q - a +2 ring of dexterity
   (You acquired it on level 9 of the Dungeon)
 u - a ring of protection from fire (left hand) {rF+, !d}
   (You found it on level 3 of the Dungeon)
 y - an uncursed ring of protection from fire {rF+, !d}
   (You found it on level 3 of the Dungeon)
 P - an uncursed amulet of magic regeneration
   (You found it on level 6 of the Dungeon)
 Y - an amulet of guardian spirit (around neck) {Spirit}
   (You found it on level 8 of the Dungeon)
Wands
 z - a wand of enslavement (2)
   (You found it on level 3 of the Dungeon)
 C - a wand of polymorph (11)
   (You found it on level 5 of the Dungeon)
 I - a wand of iceblast (11)
   (You found it on level 5 of the Dungeon)
 M - a wand of scattershot (4)
   (You found it on level 10 of the Dungeon)
Scrolls
 g - 6 scrolls of remove curse
 o - a scroll of holy word {!r}
 r - a scroll of enchant armour
 F - 3 scrolls of blinking {!r}
 K - a scroll of identify
 L - a scroll of noise {!r}
 U - 2 scrolls of enchant weapon
 X - 4 scrolls of teleportation
Potions
 d - 3 potions of heal wounds {unknown}
 e - 2 potions of might {unknown}
 j - 2 potions of cancellation
 m - 3 potions of mutation {unknown}
 p - 7 potions of curing {unknown}
 t - 2 potions of agility
 v - a potion of ambrosia
 x - 2 potions of magic
 A - a potion of invisibility {unknown}
 D - 2 potions of haste {unknown}
 E - a potion of flight
 H - a potion of brilliance {unknown}
 R - 2 potions of resistance {unknown}
 V - a potion of lignification {!q}
Books
 i - a manual of Armour {!d}
   (You found it on level 9 of the Dungeon)
Miscellaneous
 s - a sack of spiders
Comestibles
 N - 20 rations
 O - 8 chunks of flesh {@w0}


   Skills:
 - Level 5.0(3.4) Fighting
 - Level 4.0(2.4) Short Blades
 + Level 9.7(7.9) Crossbows
 + Level 9.9(8.1) Armour
 - Level 9.0(7.2) Dodging
 - Level 15.2(13.1) Stealth
 + Level 8.5(6.7) Evocations


You had 11 spell levels left.
You didn't know any spells.
Your spell library contained the following spells:

 Spells                   Type           Power        Failure   Level  Hunger
 Animate Skeleton         Necr           N/A          45%         1    ##.....
 Apportation              Tloc           #.....       45%         1    ##.....
 Confusing Touch          Hex            #.....       45%         1    ##.....
 Freeze                   Ice            #...         45%         1    ##.....
 Shock                    Conj/Air       #...         45%         1    ##.....
 Summon Small Mammal      Summ           #...         45%         1    ##.....
 Swiftness                Chrm/Air       #.......     58%         2    ###....
 Throw Frost              Conj/Ice       #.....       58%         2    ###....
 Ozocubu's Armour         Chrm/Ice       #.......     83%         3    ####...
 Static Discharge         Conj/Air       #.......     83%         3    ####...
 Airstrike                Air            #.........   99%         4    #####..
 Summon Ice Beast         Ice/Summ       #.......     99%         4    #####..
 Throw Icicle             Conj/Ice       #.......     99%         4    #####..
 Lightning Bolt           Conj/Air       #.........   100%        5    ######.


Dungeon Overview and Level Annotations

Branches:
Dungeon (12/15)            Temple (1/1) D:4            Lair (1/6) D:11
    Orc (0/2) D:11

Altars:
Ashenzari
Cheibriados
Dithmenos
Elyvilon
Fedhas
Gozag
Hepliaklqana
Kikubaaqudgha
Makhleb
Nemelex Xobeh
Okawaru
Qazlal
Ru
Sif Muna
Trog
Uskayaw
Vehumet
Wu Jian
Xom
Yredelemnul
Zin
The Shining One

Shops:
D:10 [=   D:11 [

Annotations:
Lair:1 1 runed translucent door


Innate Abilities, Weirdness & Mutations

You are small and have problems with some larger weapons.
You are carnivorous and can eat meat at any time.


Message History

You see here a rat corpse.
You butcher the rat corpse.
O - 6 chunks of flesh {@w0} (gained 1)
You see here a rat skeleton.
You see here a rat skeleton.
There is an open gate here.
You feel yourself speed up.
There is an open gate, spattered with blood here.
You see here a hell rat corpse.
The hell rat corpse isn't edible.
There is an open gate, spattered with blood here.
You see here a bullfrog corpse.
You butcher the bullfrog corpse.
O - 9 chunks of flesh {@w0} (gained 3)
There is an open gate, spattered with blood here.
You see here a bullfrog skeleton.
A river rat comes into view.
You see here an emerald potion.
You strike the helpless river rat from behind!
You impale the river rat!!
You kill the river rat!
Trog accepts your kill.
You recover from your berserk rage.
R - 2 emerald potions (gained 1)
N - 20 rations (gained 1) Some of the chunks of flesh in your inventory have rotted away.
You now have 199 gold pieces (gained 16).
You hear the thunderous beating of a drum nearby.
A five-headed hydra comes into view.
The five-headed hydra roars!
Your ogre goes berserk!
You feel somewhat less full.
You fail to use your ability.
You fade into invisibility!
You are very lightly contaminated with residual magic.
You feel quite a bit less full.
Your ogre hits the five-headed hydra with a +0 giant club!!!
The five-headed hydra bites your ogre! The five-headed hydra bites your ogre.
The five-headed hydra bites your ogre! x2
Your ogre dies!
Your ogre's corpse disappears in a puff of smoke!
You fail to use your ability.
You barely miss the five-headed hydra.
The five-headed hydra roars!
The five-headed hydra is heavily wounded.
The five-headed hydra bites you.
The five-headed hydra completely misses you. x4
The five-headed hydra roars!
You hit the five-headed hydra.
The five-headed hydra is poisoned.
The five-headed hydra is heavily wounded.
The five-headed hydra bites you but does no damage.
The five-headed hydra completely misses you.
The five-headed hydra closely misses you.
The five-headed hydra bites you!
The five-headed hydra completely misses you.
You hit the five-headed hydra.
The five-headed hydra is severely wounded.
You hit the five-headed hydra.
The five-headed hydra is severely wounded.
The five-headed hydra closely misses you.
The five-headed hydra bites you! The five-headed hydra misses you.
The five-headed hydra completely misses you.
The five-headed hydra closely misses you.
You hit the five-headed hydra.
The five-headed hydra is severely wounded.
The five-headed hydra roars!
You hit the five-headed hydra.
The five-headed hydra is severely wounded.
You hit the five-headed hydra.
The five-headed hydra is almost dead.
You hit the five-headed hydra.
The five-headed hydra is almost dead.
The five-headed hydra completely misses you.
The five-headed hydra bites you but does no damage.
The five-headed hydra completely misses you.
The five-headed hydra bites you.
The five-headed hydra bites you but does no damage.
You hit the five-headed hydra.
The five-headed hydra is almost dead.
The five-headed hydra barely misses you.
The five-headed hydra bites you!
* * * LOW HITPOINT WARNING * * *
The five-headed hydra bites you!
* * * LOW HITPOINT WARNING * * *
The five-headed hydra barely misses you.
The five-headed hydra bites you but does no damage.
You hit the five-headed hydra.
The five-headed hydra is almost dead.
The five-headed hydra completely misses you.
The five-headed hydra bites you.
* * * LOW HITPOINT WARNING * * *
The five-headed hydra bites you!
* * * LOW HITPOINT WARNING * * *
The five-headed hydra completely misses you.
The five-headed hydra misses you.
You hit the five-headed hydra.
The five-headed hydra is almost dead.
The five-headed hydra closely misses you.
The five-headed hydra bites you!
You die...

#.....'...+.....# #....##
###'####..#.#.### #.....#
#.#.####.##.#.###
#.....##
#..^##..........##
.......#
#..÷##...........#
#......
#...##...##.....## #....#
+. #.#.#....####.###
#....# #...###D.###.##
.### ##...####
#...@...##.#.....
#.##..#.# ###..##.......#
.......##
#####+##.######...#
........# #.........# #.
.......## ##.........##
........###...........#
........................#
.......♣♣♣♣..........+.##
.......♣ ♣♣♣♣.......###


You could see a five-headed hydra (wandering).

Vanquished Creatures
  Gastronok (D:9)
  Josephine (D:10)
  Erica (D:9)
  3 two-headed ogres
  Urug (D:10)
  A centaur zombie (D:12)
  Joseph (D:9)
  2 trolls
  2 hippogriffs
  7 wraiths
  A hungry ghost (D:7)
  A yak (D:11)
  A basilisk (D:11)
  Menkaure (D:4)
  A water moccasin (Lair:1)
  A sky beast (D:10)
  3 orc warriors
  2 necrophages
  2 ice beasts
  A phantom (D:8)
  12 ogres
  3 centaurs
  2 crocodiles
  10 bullfrogs
  2 big kobolds (D:11)
  5 gnoll sergeants
  4 water moccasin zombies (Ossuary)
  3 scorpions
  2 electric eels (D:9)
  3 howler monkeys (D:9)
  4 jellies
  4 crimson imps
  A centaur skeleton (D:6)
  A hound (D:5)
  3 orc priests
  A bullfrog skeleton (D:9)
  2 iguanas (D:9)
  Jessica (D:2)
  A gnoll shaman (D:5)
  6 orc wizards
  5 hell rats (Lair:1)
  5 worker ants
  A killer bee zombie (D:6)
  3 big kobold zombies (Ossuary)
  A hound zombie (D:9)
  A hound skeleton (D:6)
  3 worker ant zombies
  2 mummies (Ossuary)
  12 gnolls
  A howler monkey skeleton (D:6)
  9 adders
  4 river rats (Lair:1)
  4 shadow imps
  7 oozes
  6 adder zombies
  2 worms (D:4)
  3 dart slugs
  2 leopard geckos
  25 orcs
  4 bats
  3 giant cockroaches
  6 goblins
  7 hobgoblins
  4 jackals (D:11)
  2 quokkas (D:5)
  4 ball pythons
  5 frilled lizards
  A gnoll zombie (Ossuary)
  6 hobgoblin zombies (Ossuary)
  7 kobolds
  3 kobold zombies (Ossuary)
  4 orc zombies (Ossuary)
  A quokka skeleton (D:4)
  16 rats
273 creatures vanquished.

Vanquished Creatures (collateral kills)
  5 wraiths (D:10)
  A crocodile (D:9)
  2 orc wizards (D:8)
  A worker ant (D:10)
  A quokka (D:8)
10 creatures vanquished.

Vanquished Creatures (others)
  A wraith (D:10)
  A hobgoblin zombie (Ossuary)
  A plant (Lair:1)
3 creatures vanquished.

Grand Total: 286 creatures vanquished

Notes
Turn   | Place    | Note
-------+----------+-------------------------------------------
     0 | D:1      | sankara the Kobold Berserker began the quest for the Orb.
     0 | D:1      | Reached XP level 1. HP: 14/14 MP: 1/1
   391 | D:1      | Reached skill level 1 in Stealth
   482 | D:1      | Reached skill level 2 in Stealth
   484 | D:1      | Reached XP level 2. HP: 19/19 MP: 2/2
   600 | D:1      | Reached skill level 3 in Stealth
   766 | D:1      | Reached XP level 3. HP: 19/23 MP: 3/3
  1249 | D:2      | Noticed Jessica
  1252 | D:2      | Reached skill level 4 in Stealth
  1660 | D:2      | Found a shattered altar of Ashenzari.
  1660 | D:2      | Found a shadowy altar of Dithmenos.
  1662 | D:2      | Found a bloodstained altar of Trog.
  1833 | D:2      | Killed Jessica
  1833 | D:2      | Reached skill level 5 in Stealth
  1833 | D:2      | Reached XP level 4. HP: 24/28 MP: 4/4
  1882 | D:3      | Reached ** piety under Trog
  1888 | D:3      | Reached skill level 6 in Stealth
  1888 | D:3      | Reached XP level 5. HP: 27/32 MP: 5/5
  2532 | D:3      | Reached skill level 7 in Stealth
  2963 | D:4      | Found a staircase to the Ecumenical Temple.
  2984 | Temple   | Entered the Ecumenical Temple
  3198 | D:4      | Found an ancient bone altar of Kikubaaqudgha.
  3272 | D:4      | Reached XP level 6. HP: 37/37 MP: 6/6
  3483 | D:4      | Reached skill level 8 in Stealth
  3488 | D:4      | Noticed Menkaure
  3502 | D:4      | Killed Menkaure
  3502 | D:4      | Reached skill level 9 in Stealth
  3664 | D:4      | Reached XP level 7. HP: 41/41 MP: 7/7
  3849 | D:5      | Entered Level 5 of the Dungeon
  3886 | D:5      | Found a sand-covered staircase.
  3910 | D:5      | Reached *** piety under Trog
  4041 | Ossuary  | Entered an ossuary
  4097 | Ossuary  | Reached skill level 10 in Stealth
  4486 | Ossuary  | Reached skill level 11 in Stealth
  4700 | Ossuary  | Reached XP level 8. HP: 46/46 MP: 8/8
  4968 | D:5      | Reached skill level 3 in Dodging
  5050 | D:5      | Reached skill level 12 in Stealth
  5233 | D:5      | Reached **** piety under Trog
  5297 | D:5      | Reached skill level 4 in Dodging
  5794 | D:6      | Reached skill level 1 in Evocations
  5881 | D:6      | Reached skill level 2 in Evocations
  6112 | D:6      | Reached skill level 5 in Dodging
  6123 | D:6      | Got a shimmering robe
  6134 | D:6      | Identified the +3 robe of Protective Custody {SInv} (You
                  | found it on level 6 of the Dungeon)
  6166 | D:6      | Reached XP level 9. HP: 51/51 MP: 9/11
  6614 | D:6      | Got a creamy pearl robe
  6620 | D:6      | Reached skill level 3 in Evocations
  6645 | D:6      | Identified the +2 robe of the Bull {rPois Dex+2} (You found
                  | it on level 6 of the Dungeon)
  6787 | D:7      | Reached skill level 13 in Stealth
  6955 | D:7      | Reached skill level 4 in Evocations
  7013 | D:7      | Reached skill level 6 in Dodging
  7297 | D:7      | Got a distressingly furry plate armour
  7474 | D:7      | Found an opulent altar of Gozag.
  7478 | D:7      | Found a sacrificial altar of Ru.
  7695 | D:8      | Reached skill level 5 in Evocations
  7782 | D:8      | HP: 10/51 [something (3)]
  7789 | D:8      | HP: 10/51 [something (2)]
  7805 | D:8      | Reached skill level 7 in Dodging
  8174 | D:8      | Noticed a two-headed ogre
  8176 | D:8      | Killed a two-headed ogre
  8176 | D:8      | Reached skill level 8 in Dodging
  8176 | D:8      | Reached skill level 14 in Stealth
  8176 | D:8      | Reached skill level 6 in Evocations
  8176 | D:8      | Reached XP level 10. HP: 56/56 MP: 1/14
  8470 | D:9      | Reached skill level 4 in Fighting
  8579 | D:9      | Noticed Joseph
  8621 | D:9      | Killed Joseph
  8815 | D:9      | Reached ***** piety under Trog
  8815 | D:9      | Reached skill level 5 in Fighting
  8815 | D:9      | Reached skill level 9 in Dodging
  9005 | D:9      | Identified a scroll of acquirement
  9018 | D:9      | HP: 11/59 [crocodile (8)]
  9513 | D:9      | Reached skill level 1 in Crossbows
  9660 | D:9      | Noticed Erica
  9685 | D:9      | Killed Erica
  9685 | D:9      | Reached skill level 2 in Crossbows
  9685 | D:9      | Reached skill level 3 in Armour
  9685 | D:9      | Reached skill level 15 in Stealth
  9834 | D:9      | Found a shimmering altar of Xom.
  9835 | D:9      | Found a hazy altar of Hepliaklqana.
  9836 | D:9      | Noticed a spectral ugly thing
  9923 | D:9      | Noticed Gastronok
  9992 | D:9      | Killed Gastronok
  9992 | D:9      | Reached skill level 5 in Crossbows
  9992 | D:9      | Reached skill level 6 in Armour
  9992 | D:9      | Reached XP level 11. HP: 63/63 MP: 12/15
 10124 | D:9      | Noticed a two-headed ogre
 10139 | D:9      | Killed a two-headed ogre
 10139 | D:9      | Reached skill level 6 in Crossbows
 10166 | D:10     | Entered Level 10 of the Dungeon
 10231 | D:10     | Noticed Urug
 10235 | D:10     | Noticed a two-headed ogre
 10236 | D:10     | Killed Urug
 10236 | D:10     | Reached skill level 7 in Crossbows
 10236 | D:10     | Reached skill level 7 in Armour
 10246 | D:10     | Killed a two-headed ogre
 10267 | D:10     | Identified the +10 plate armour "Tufiaps" {rF- Str+5 Dex+4}
                  | (You found it on level 7 of the Dungeon)
 10333 | D:10     | HP: 15/63 [wraith (8)]
 10368 | D:10     | Reached skill level 8 in Armour
 10380 | D:10     | Found the +5 scythe "Finisher" {speed, eviscerate}
 10597 | D:10     | Reached skill level 8 in Crossbows
 10626 | D:10     | Received a gift from Trog
 10839 | D:10     | Found Heselog's Armour Boutique.
 10905 | D:10     | Found Kiupp's Jewellery Emporium.
 10911 | D:10     | Bought the cursed ring of Beauty {+Inv rC+ MR+ Str-3 Dex+3}
                  | for 382 gold pieces
 11012 | D:10     | Noticed Josephine
 11021 | D:10     | Killed Josephine
 11021 | D:10     | Reached skill level 7 in Evocations
 11021 | D:10     | Reached XP level 12. HP: 63/68 MP: 13/17
 11524 | D:11     | Reached skill level 9 in Armour
 11776 | D:11     | Found a staircase to the Orcish Mines.
 11784 | D:11     | Reached skill level 9 in Crossbows
 12001 | D:11     | Found a staircase to the Lair.
 12008 | D:11     | Reached skill level 8 in Evocations
 12232 | D:11     | You fall through a shaft!
 12396 | D:11     | Found Avituock's Antique Armour Boutique.
 12404 | D:11     | Bought a glowing cloak for 165 gold pieces
 12572 | Lair:1   | Entered Level 1 of the Lair of Beasts
 12604 | Lair:1   | Found a runed translucent door.
 12780 | Lair:1   | Noticed a five-headed hydra
 12800 | Lair:1   | HP: 10/68 [five-headed hydra (9)]
 12801 | Lair:1   | HP: 2/68 [five-headed hydra (7)]
 12802 | Lair:1   | Mangled by a five-headed hydra

Skill      XL: |  1  2  3  4  5  6  7  8  9 10 11 12 |
---------------+-------------------------------------+-----
Stealth        | 2 3 5 6 7 9 11 12 14 15 | 15.2
Dodging        | 5 8 9 |  9.0
Evocations     | 2 6 7 8 |  8.5
Fighting       | 5 |  5.0
Crossbows      | 5 8 9 |  9.7
Armour         | 6 8 9 |  9.9
Short Blades   | |  4.0

Action                   |  1- 3 |  4- 6 |  7- 9 | 10-12 || total
-------------------------+-------+-------+-------+-------++-------
Melee: Short sword       |    55 |       |       |       ||    55
       Dagger            |    49 |   144 |   652 |   546 ||  1391
 Fire: Hand crossbow     |       |       |       |     3 ||     3
Invok: Berserk           |     2 |     6 |    13 |    17 ||    38
       Brothers in Arms  |       |       |     1 |     5 ||     6
       Trog's Hand       |       |       |     1 |     1 ||     2
 Abil: Evoke Invisibilit |       |       |       |     3 ||     3
Evoke: Wand              |       |       |     2 |     4 ||     6
  Use: Scroll            |       |       |     4 |    16 ||    20
       Potion            |       |       |       |     1 ||     1
 Stab: Sleeping          |    13 |     9 |    26 |    39 ||    87
       Distracted        |       |     1 |       |     2 ||     3
       Invisible         |       |       |       |    16 ||    16
  Eat: Chunk             |    13 |     9 |    31 |    32 ||    85
Armor: Animal skin       |     7 |     7 |    28 |       ||    42
       Robe              |       |       |    59 |     6 ||    65
       Leather armour    |       |       |       |    46 ||    46
Dodge: Dodged            |    51 |    84 |   410 |   469 ||  1014

Levels and vault maps discovered:
D:1:      kennysheep_arrival_seaside, layout_basic
D:2:      layout_rooms, nicolae_overflow_hidden_temple, grunt_ministairs_7,
          minmay_statues_item, uniq_jessica
D:3:      layout_loops_ring
D:4:      layout_loops_ring, kiku_gazebo_garden_becter,
          minmay_temple_entry_slanted, first_ration, serial_bayou_pond_a,
          kennysheep_generic_room_8, uniq_menkaure
D:5:      layout_rooms, nicolae_ossuary_entry_monument
D:6:      layout_gridville
D:7:      layout_loops_ring, minitemple
D:8:      layout_basic, hangedman_little_slice_of_home
D:9:      layout_basic, regret_index_temple_of_mockery, grunt_ministairs_15,
          uniq_joseph, uniq_erica, uniq_gastronok
D:10:     layout_loops_ring, serial_shops, shop, shop,
          minmay_guarded_unrand_finisher, uniq_urug, uniq_josephine
D:11:     layout_stronghold, david_lair_generic,
          kennysheep_orc_monster_closet_entryway, serial_shops,
          nicolae_shop_overgrown_old_shop
D:12:     layout_gridville, serial_shops, nicolae_shop_trees, uniq_snorg,
          uniq_nessos
Temple:   eino_narrow_crystal_temple
Lair:1:   layout_roguey, gauntlet_entry_generic, ebering_ghost_funeral_grove,
          kennysheep_abandoned_house
Ossuary:  ossuary_tomb_2

Table legend:
 A = Turns spent in this place as a percentage of turns spent in the entire game.
 B = Non-inter-level travel turns spent in this place as a percentage of non-inter-level travel turns spent in the entire game.
 C = Inter-level travel turns spent in this place as a percentage of turns spent in this place.
 D = Turns resting spent in this place as a percentage of non-inter-level travel turns spent in this place.
 E = Turns spent auto-exploring this place as a percentage of non-inter-level travel turns spent in this place.
 F = Non-inter-level travel turns spent in this place divided by the number of levels of this place that you've seen.
                   A       B       C       D       E      F
               +-------+-------+-------+-------+-------+----------------------
         Total | 100.0 | 100.0 |   3.6 |  27.9 |  41.4 | 822.5
       Dungeon |  90.7 |  90.4 |   3.9 |  26.0 |  43.9 | 929.5
        Temple |   1.1 |   1.0 |   9.4 |   0.0 |  98.4 | 126.0
          Lair |   1.8 |   1.9 |   0.0 |   0.0 |  17.4 | 230.0
       Ossuary |   6.5 |   6.7 |   0.0 |  66.3 |   5.0 | 827.0
               +-------+-------+-------+-------+-------+----------------------

Table legend:
 A = Kills in this place as a percentage of kills in entire the game.
 B = Kills by you in this place as a percentage of kills by you in the entire game.
 C = Kills by friends in this place as a percentage of kills by friends in the entire game.
 D = Other kills in this place as a percentage of other kills in the entire game.
 E = Experience gained in this place as a percentage of experience gained in the entire game.
 F = Experience gained in this place divided by the number of levels of this place that you have seen.
                   A       B       C       D       E      F
               +-------+-------+-------+-------+-------+----------------------
         Total | 100.0 | 100.0 | 100.0 | 100.0 | 100.0 | 1362.3
       Dungeon |  83.3 |  82.6 | 100.0 | 100.0 |  94.1 | 1601.8
          Lair |   7.8 |   8.1 |   0.0 |   0.0 |   3.7 | 748.0
       Ossuary |   8.9 |   9.3 |   0.0 |   0.0 |   2.3 | 465.0
               +-------+-------+-------+-------+-------+----------------------
